 Dungeon Crawl Stone Soup version 0.31-a0-1082-g7d1fb776a8 (webtiles) character file.

Game seed: 13549553466862348896

3169841 Prykner the Executioner (level 27, 251/251 HPs)
             Began as a Hill Orc Fighter on Nov 23, 2023.
             Was the Champion of Okawaru.
             Escaped with the Orb
             ... and 5 runes on Nov 27, 2023!
             The game lasted 02:46:15 (69189 turns).

Prykner the Executioner (Hill Orc Fighter)         Turns: 69189, Time: 02:46:16

Health: 251/251    AC: 39    Str: 32    XL:     27
Magic:  34/34      EV: 22    Int: 15    God:    Okawaru [******]
Gold:   4473       SH: 24    Dex: 17    Spells: 26/26 levels left

rFire   + . .        g - +9 broad axe (heavy)
rCold   + . .        j - +0 tower shield
rNeg    . . .        K - +9 gold dragon scales
rPois   +            Z - +1 hat {Will+}
rElec   .            M - scarf {repulsion}
rCorr   +            A - +0 pair of gloves of Divine Compulsion {rPois Int+3}
SInv    .            B - +0 pair of boots "Reph" {Dex+3}
Will    ++++.        e - amulet of regeneration Stlth
                     y - ring "Leaj" {EV+5 Str+6}
HPRegen 1.41/turn    m - ring "Buics" {Will+ rCorr Dex+3 Slay+8}
MPRegen 0.24/turn

%: repel missiles, clarity
@: studying 8 skills
A: clarity, clever 1, deterioration 1, low MP 1, weak 2, inability to read after
injury 1
0: Orb of Zot
}: 5/15 runes: decaying, slimy, silver, abyssal, gossamer
a: Renounce Religion, Heroism, Finesse, Duel


You escaped.
You worshipped Okawaru.
Okawaru was exalted by your worship.
You visited 10 branches of the dungeon, and saw 52 of its levels.
You visited the Abyss 1 time.
You also visited: Trove, Sewer, Ossuary, Bailey and Volcano.

You collected 8603 gold pieces.
You spent 4130 gold pieces at shops.

Inventory:

Hand Weapons
 g - a +9 heavy broad axe (weapon)
 G - a +5 antimagic war axe
 N - the +8 frozen axe "Frostbite" {freeze, freezing cloud, *Noise Fly rC+}
   (Okawaru gifted it to you on level 5 of the Lair of Beasts)

   rC+:       It protects you from cold.
   Fly:       It grants you flight.
   *Noise:    It may make a loud noise when swung.
Missiles
 b - 9 curare-tipped darts
 f - 75 boomerangs
 O - 31 silver javelins (quivered)
Armour
 c - the +7 chain mail of the Arcane {rElec Dex+4}
   (Okawaru gifted it to you on level 5 of the Lair of Beasts)

   Dex+4:     It affects your dexterity (+4).
   rElec:     It insulates you from electricity.
 j - a +0 tower shield (worn)
 t - the +8 chain mail of Fedhas's Hope {+Blink rElec MP+9}
   (You bought it in a shop on level 1 of the Vaults)

   rElec:     It insulates you from electricity.
   MP+9:      It affects your magic capacity (+9).
   +Blink:    It lets you blink.
 A - the +0 pair of gloves of Divine Compulsion (worn) {rPois Int+3}
   (You bought it in a shop on level 1 of the Vaults)

   Int+3:     It affects your intelligence (+3).
   rPois:     It protects you from poison
 B - the +0 pair of boots "Reph" (worn) {Dex+3}
   (You found it on level 4 of the Dungeon)

   Dex+3:     It affects your dexterity (+3).
 K - +9 gold dragon scales (worn)
 M - a scarf of repulsion (worn)
 W - a scarf of resistance
 Z - a +1 hat of willpower (worn)
Jewellery
 e - an amulet of regeneration (around neck)
 h - a +6 ring of strength
 m - the ring "Buics" (right hand) {Will+ rCorr Dex+3 Slay+8}
   (You bought it in a shop on level 7 of the Dungeon)

   [ring of slaying]

   Dex+3:     It affects your dexterity (+3).
   Slay+8:    It affects your accuracy & damage with ranged weapons and melee
   (+8).
   Will+:     It increases your willpower.
   rCorr:     It protects you from acid and corrosion.
 s - a ring of protection from fire
 y - the ring "Leaj" (left hand) {EV+5 Str+6}
   (You found it on level 2 of the Orcish Mines)

   [ring of evasion]

   EV+5:      It affects your evasion (+5).
   Str+6:     It affects your strength (+6).
 I - a ring of see invisible
 Q - a ring of flight
Wands
 a - a wand of iceblast (49)
 x - a wand of mindburst (42)
 D - a wand of light (42)
 E - a wand of digging (11)
 H - a wand of flame (115)
 Y - a wand of paralysis (52)
Scrolls
 k - a scroll of amnesia
 p - 2 scrolls of immolation
 q - 22 scrolls of teleportation
 w - 2 scrolls of blinking
 z - 4 scrolls of silence
 F - 8 scrolls of poison
 R - 7 scrolls of fear
 S - 6 scrolls of vulnerability
 X - 4 scrolls of revelation
Potions
 d - 7 potions of might
 i - 7 potions of attraction
 l - 23 potions of curing
 n - 10 potions of enlightenment
 r - 3 potions of resistance
 u - 3 potions of berserk rage
 v - 3 potions of lignification
 C - a potion of haste
 J - 9 potions of ambrosia
 L - 2 potions of magic
 P - 3 potions of mutation
 T - 7 potions of invisibility
 U - a potion of brilliance
 V - 8 potions of cancellation


   Skills:
 - Level 21.5 Fighting
 - Level 24.7 Axes
 - Level 1.0(14.0) Maces & Flails
 - Level 8.4 Throwing
 - Level 24.0 Armour
 - Level 21.1 Dodging
 - Level 2.3 Stealth
 + Level 23.0 Shields
 - Level 21.7 Invocations
 - Level 0.5 Evocations


You had 26 spell levels left.
You didn't know any spells.
Your spell library contained the following spells:

 Spells                   Type           Power      Damage    Failure   Level
 Apportation              Tloc           0%         N/A       91%         1
 Foxfire                  Conj/Fire      0%         2x1d4     91%         1
 Freeze                   Ice            0%         1d3       91%         1
 Kiss of Death            Conj/Necr      0%         2d5       91%         1
 Magic Dart               Conj           0%         1d3       91%         1
 Necrotise                Necr           0%         1d4       91%         1
 Sting                    Tmut/Pois      0%         1d3       91%         1
 Blink                    Tloc           0%         N/A       97%         2
 Cigotuvi's Dreadful Rot  Necr/Pois/Air  0%         N/A       97%         2
 Ensorcelled Hibernation  Hex/Ice        0%         N/A       97%         2
 Jinxbite                 Hex            0%         N/A       97%         2
 Lesser Beckoning         Tloc           0%         N/A       97%         2
 Passwall                 Tmut/Erth      0%         N/A       97%         2
 Scorch                   Fire           0%         2d5       97%         2
 Searing Ray              Conj           0%         2d4       97%         2
 Static Discharge         Conj/Air       0%         3-3/arc   97%         2
 Sublimation of Blood     Necr           0%         N/A       97%         2
 Wereblood                Tmut           0%         N/A       97%         2
 Confusing Touch          Hex            0%         N/A       99%         3
 Dazzling Flash           Conj/Hex       0%         N/A       99%         3
 Frozen Ramparts          Ice            0%         1d1       99%         3
 Gell's Gravitas          Tloc           0%         N/A       99%         3
 Ignite Poison            Fire/Tmut/Pois 0%         N/A       99%         3
 Inner Flame              Hex/Fire       0%         N/A       99%         3
 Mephitic Cloud           Conj/Pois/Air  0%         N/A       99%         3
 Ozocubu's Armour         Ice            0%         N/A       99%         3
 Swiftness                Air            0%         N/A       99%         3
 Teleport Other           Tloc           0%         N/A       99%         3
 Volatile Blastmotes      Fire/Tloc      0%         2d10      99%         3
 Airstrike                Air            0%         2d(0-16)  100%        4
 Anguish                  Hex/Necr       0%         N/A       100%        4
 Dimensional Bullseye     Hex/Tloc       0%         N/A       100%        4
 Dispel Undead            Necr           0%         3d6       100%        4
 Flame Wave               Conj/Fire      0%         2d4       100%        4
 Fulminant Prism          Conj/Hex       0%         3d5       100%        4
 Iskenderun's Mystic Bla  Conj/Tloc      0%         2d3       100%        4
 Leda's Liquefaction      Hex/Erth       0%         N/A       100%        4
 Manifold Assault         Tloc           0%         N/A       100%        4
 Passage of Golubria      Tloc           0%         N/A       100%        4
 Petrify                  Tmut/Erth      0%         N/A       100%        4
 Sticky Flame             Conj/Fire      0%         2d3       100%        4
 Vhi's Electric Charge    Tloc/Air       0%         N/A       100%        4
 Agony                    Necr           0%         N/A       100%        5
 Borgnjor's Vile Clutch   Necr/Erth      0%         N/A       100%        5
 Freezing Cloud           Conj/Ice/Air   0%         6-21      100%        5
 Irradiate                Conj/Tmut      0%         3d11      100%        5
 Iskenderun's Battlesphe  Conj           0%         2d6       100%        5
 Lee's Rapid Deconstruct  Erth           0%         3d4*      100%        5
 Metabolic Englaciation   Hex/Ice        0%         N/A       100%        5
 Silence                  Hex/Air        0%         N/A       100%        5
 Yara's Violent Unravell  Hex/Tmut       0%         3d3       100%        5
 Bombard                  Conj/Erth      0%         9d1       100%        6
 Dispersal                Tloc           0%         N/A       100%        6
 Plasma Beam              Fire/Air       0%         2x1d10    100%        6
 Starburst                Conj/Fire      0%         6d3       100%        6
 Ozocubu's Refrigeration  Ice            0%         4d7       100%        7
 Disjunction              Tloc           0%         N/A       100%        8
 Maxwell's Capacitive Co  Air            0%         ∞         100%        8
 Fire Storm               Conj/Fire      0%         5d1       100%        9
 Summon Small Mammal      Summ           Unusable   N/A       N/A         1
 Call Imp                 Summ           Unusable   N/A       N/A         2
 Tukima's Dance           Hex            Unusable   N/A       N/A         3
 Animate Dead             Necr           Unusable   N/A       N/A         4
 Summon Lightning Spire   Summ/Air       Unusable   N/A       N/A         4
 Death Channel            Necr           Unusable   N/A       N/A         6
 Simulacrum               Ice/Necr       Unusable   N/A       N/A         6
 Summon Cactus Giant      Summ           Unusable   N/A       N/A         6

Dungeon Overview and Level Annotations

Branches:
Dungeon (15/15)            Temple (0/1) D:6            Lair (5/5) D:9
  Swamp (4/4) Lair:3       Spider (4/4) Lair:3        Slime (5/5) Lair:5
    Orc (2/2) D:11            Elf (3/3) Orc:2        Vaults (5/5) D:14
  Crypt (0/3) Vaults:3     Depths (4/4) D:15            Zot (5/5) Depths:4
  Sewer (visited)         Ossuary (visited)          Bailey (visited)
Volcano (visited)

Altars:
Ashenzari
Elyvilon
Gozag
Kikubaaqudgha
Okawaru
Qazlal
Sif Muna
Trog
Vehumet
Wu Jian
Xom
Yredelemnul
Beogh
Jiyva

Shops:
D:1 :   D:2 *=   D:3 =   D:4 [   D:7 =   D:11 [(   D:13 !   Orc:2 (!([
Elf:1 !   Elf:3 *?   Vaults:1 [[!   Vaults:3 !   Vaults:4 *

Portals:
Hell: Depths:1 Depths:2 Depths:3 Depths:4
Abyss: Depths:1 Depths:3
Pandemonium: Depths:2 Depths:3
Ziggurat: Depths:4

Annotations:
Lair:1 2 transporters, chuckiee3's ghost, journeyman MiFi
Swamp:1 2 transporters, Drangen's ghost, journeyman SpHu
Zot:5 3 runed translucent doors, exclusions: obsidian statue and orange crystal statue, Vualuitu's ghost, legendary FoHu


Innate Abilities, Weirdness & Mutations

You possess an exceptional clarity of mind.
Your mind is acute. (Int +4, Str/Dex -1)
Your body sometimes deteriorates upon taking damage.
Your magical capacity is low. (-10% MP)
You are very weak. (Str -4)
You occasionally lose the ability to read scrolls when taking damage.


Message History

There is a stone staircase leading up here.
You climb upwards.
There is a stone staircase leading down here.
Items here: )))) [.
You see here a +0 whip.
There is a stone staircase leading up here.
You climb upwards.
There is a stone staircase leading down here.
Your extra speed is starting to run out.
You feel yourself slow down.
There is a stone staircase leading up here.
You climb upwards.
There is a stone staircase leading down here.
There is an open door here.
Things that are here:
a +0 leather armour; a +0 club
There is an open door here.
There is a stone staircase leading up here.
You climb upwards.
There is a stone staircase leading down here.
An Orb Guardian comes into view.
You carve the Orb Guardian like a ham!!!
The Orb Guardian is heavily wounded.
You block the Orb Guardian's attack. x2
You barely miss the Orb Guardian.
The Orb Guardian is heavily wounded.
The Orb Guardian hits you but does no damage.
You carve the Orb Guardian like a ham!!!
You kill the Orb Guardian!
Okawaru accepts your kill.
You see here a +0 dagger.
There is a stone staircase leading up here.
You climb upwards.
There is a stone staircase leading down here.
You see here a +0 club.
Things that are here:
a +0 club; a +0 club; a +0 whip
There is an open door here.
There is a staircase leading out of the dungeon here.
You have escaped!

...##### .......#
...###.# ...#
#.########## ...#
#.#........#
...###..##########
........+..(.♣P#P##
##.######~~~..♣P#.♣
#......##~8....@♣#
#####.##~~~..♣P#.♣
#.)'....♣P#P###
#.###########.#
######..§.§##### #.#
.....(..≈≈≈....###.#
####.....≈......##.#
.................#.#
....≈..........≈...#


There were no monsters in sight!

Vanquished Creatures
  2 pandemonium lords
  the Royal Jelly (Arena)
  9 dread liches
  2 ancient liches
  Mennas (Vaults:2)
  Mara (Depths:1)
  3 orbs of fire (Zot:5)
  A juggernaut (Depths:2)
  Boris (Vaults:2)
  Margery (Depths:4)
  7 Killer Klowns
  8 caustic shrikes
  5 curse toes
  8 golden dragons
  Nikola (Swamp:2)
  2 bone dragons (Depths:4)
  5 electric golems
  2 doom hounds (Depths:2)
  A Hell Sentinel (D:14)
  17 tentacled monstrosities
  Zenata (Vaults:2)
  A walking earthen tome (Depths:3)
  2 deep elf blademasters (Elf:3)
  An Ice Fiend (Depths:2)
  5 titans
  9 quicksilver dragons
  3 walking frostbound tomes
  24 Orb Guardians
  6 sphinxes
  2 liches
  10 acid blobs
  Grunn (Depths:2)
  2 deep elf master archers (Elf:3)
  2 tentacled starspawn
  14 death cobs
  Gastronok (Lair:2)
  A kraken (Abyss:3)
  Kirke (Swamp:3)
  12 tengu reavers
  A thorn hunter (Swamp:4)
  9 shadow dragons
  4 azure jellies
  A fenstrider witch (Swamp:4)
  4 draconian monks
  16 storm dragons
  4 draconian knights
  4 iron dragons
  9 frost giants
  8 fire giants
  10 rockslimes
  A balrug (Depths:3)
  2 ghost moths (Zot:5)
  4 deep elf sorcerers
  3 draconian scorchers
  3 emperor scorpions
  5 draconian shifters
  2 deep elf elementalists (Elf:3)
  15 vault wardens
  2 draconian stormcallers
  A cacodemon (Depths:2)
  2 formless jellyfish
  3 broodmothers
  6 orc warlords
  8 very ugly things
  12 stone giants
  A war gargoyle (Vaults:3)
  3 draconian annihilators
  17 ironbound preservers
  8 ironbound thunderhulks
  6 green draconians
  5 vampire knights
  12 quicksilver oozes
  A lorocyproca (Abyss:3)
  11 black draconians
  10 deep elf annihilators
  5 eleionomae
  23 dire elephants
  2 deep elf demonologists
  8 purple draconians
  14 red draconians
  A spark wasp (shapeshifter) (Vaults:4)
  10 white draconians
  12 spark wasps
  9 deep elf death magi
  6 bunyips
  2 merfolk javelineers
  A blizzard demon (Depths:3)
  6 fire dragons
  11 yellow draconians
  3 crystal guardians
  The ghost of Ifr the Earth Mage, a journeyman GrEE of Hepliaklqana (Orc:2)
  10 ettins
  A green death (Abyss:1)
  3 deep elf high priests
  4 shambling mangroves
  12 entropy weavers
  17 yaktaur captains
  6 rakshasas
  An entropy weaver (shapeshifter) (Elf:1)
  10 ice dragons
  13 great orbs of eyes
  A hell beast (D:15)
  Fannar (Lair:3)
  4 peacekeepers
  3 ghost crabs
  A spriggan skeleton (Abyss:1)
  41 vault guards
  2 ironbound frosthearts
  2 jorogumos
  An ogre mage (D:15)
  12 alligators
  16 hydras
  4 radroaches
  An anaconda (shapeshifter) (D:15)
  4 spriggan air magi
  5 catoblepae
  A death knight (D:14)
  9 two-headed ogres
  11 boulder beetles
  10 centaur warriors
  6 tengu warriors
  A hell hog (Volcano)
  5 deep troll shamans
  A thrashing horror (Abyss:1)
  A spriggan berserker (Depths:3)
  7 deep troll earth magi
  13 death yaks
  Urug (Lair:3)
  16 demonic crawlers
  34 dancing weapons
  A titan zombie (Abyss:1)
  An orc high priest (Orc:2)
  10 hell knights
  16 deep elf knights
  3 fire crabs
  A soul eater (Depths:2)
  11 sun demons
  Amaemon (D:10)
  3 wretched stars (Abyss:1)
  A shadow wraith (Vaults:3)
  2 salamander mystics (Depths:2)
  2 sixfirhies
  5 goliath frogs
  7 iron trolls
  3 pharaoh ants
  A skyshark (Lair:2)
  A sun moth (Spider:4)
  9 orb spiders
  52 deep trolls
  A cherub (D:14)
  11 deep elf archers
  9 bog bodies
  2 spriggan druids (Swamp:4)
  6 glowing orange brains
  11 swamp dragons
  7 harpies (Vaults:2)
  10 ironbound convokers
  5 steelbarb worms
  2 flayed ghosts (Depths:3)
  11 lindwurms
  2 starcursed masses (Abyss:1)
  5 phantasmal warriors
  11 arcanists
  A harpy (shapeshifter) (Vaults:5)
  17 orc knights
  4 necromancers
  35 deep elf zephyrmancers
  36 deep elf pyromancers
  4 salamanders (Depths:2)
  A tengu skeleton (Vaults:2)
  37 ugly things
  A stone giant zombie (Vaults:2)
  3 manticores
  5 orc sorcerers
  9 shining eyes
  7 cyclopes
  17 wolf spiders
  A worldbinder (Abyss:1)
  A stone giant skeleton (Vaults:2)
  A toenail golem (D:15)
  4 black mambas
  37 moths of wrath
  4 torpor snails
  9 cane toads
  2 rust devils
  20 vault sentinels
  A smoke demon (Abyss:1)
  An eye of devastation (shapeshifter) (Vaults:5)
  2 gargoyles (D:14)
  2 apocalypse crabs (Abyss:3)
  An elephant (shapeshifter) (Vaults:5)
  3 eyes of devastation
  7 large abominations
  2 hellions
  2 unseen horrors (D:10)
  An orange demon (D:10)
  2 efreet
  4 rime drakes
  36 yaktaurs
  8 komodo dragons
  An alligator snapping turtle skeleton (Abyss:3)
  A freezing wraith (D:14)
  A tormentor (Depths:2)
  5 tengu conjurers
  A queen bee (shapeshifter) (D:13)
  An ancient zyme (Abyss:1)
  9 meliai
  2 bloated husks
  A hellwing (Zot:5)
  10 trolls
  A polar bear (shapeshifter) (Elf:2)
  18 hornets
  A polar bear (D:9)
  19 blink frogs
  Grinder (D:5)
  22 tarantellas
  7 tyrant leeches
  A wind drake (shapeshifter) (D:13)
  4 dream sheep (Lair:3)
  5 glass eyes
  Prince Ribbit (D:7)
  A stone giant simulacrum (Vaults:2)
  4 raiju
  6 flying skulls (Abyss:1)
  61 slime creatures
  21 jumping spiders
  A frost giant simulacrum (Vaults:2)
  10 ynoxinuls
  A shadow (D:12)
  3 air elementals
  19 culicivoras
  17 spriggans
  9 water elementals
  5 vampires
  4 wraiths
  5 wyverns
  3 humans (Bailey)
  7 fire bats (Volcano)
  61 yaks
  6 golden eyes
  3 basilisks
  5 hogs (Swamp:3)
  6 steam dragons
  2 fire elementals (Elf:2)
  48 redbacks
  19 vampire mosquitoes
  A chaos spawn (Abyss:1)
  Menkaure (Ossuary)
  A swamp worm (shapeshifter) (Vaults:5)
  11 swamp worms
  8 wargs (Orc:2)
  5 small abominations
  3 acid dragons
  2 hell hounds
  3 sky beasts
  17 water moccasins
  8 swamp drakes
  5 ice beasts
  47 orc warriors
  4 black bears
  3 ogres
  3 boggarts (Vaults:1)
  14 wolves
  3 centaurs
  A phantom (D:7)
  4 kobold brigands
  Blork the orc (D:6)
  2 necrophages (D:5)
  17 bullfrogs
  2 gnoll sergeants
  2 earth elementals
  A water moccasin zombie (D:5)
  11 scorpions
  6 wights
  24 killer bees
  4 electric eels
  5 howler monkeys
  3 crimson imps (D:6)
  2 bullfrog zombies (D:5)
  A centaur zombie (D:5)
  A quasit (Abyss:1)
  16 orc priests
  19 jellies
  A human zombie (D:5)
  3 gnoll boudas
  3 hounds
  5 iguanas
  22 orc wizards
  3 sleepcaps
  An iguana (shapeshifter) (Depths:3)
  11 hell rats
  A killer bee zombie (D:5)
  A hound zombie (D:5)
  4 mummies
  8 adders
  19 gnolls
  5 river rats (Sewer)
  A shadow imp (D:6)
  A white imp (D:5)
  2 ufetubi
  4 worms
  86 orcs
  17 ball pythons
  6 bats
  13 endoplasms
  5 giant cockroaches
  6 gnoll zombies (Ossuary)
  13 hobgoblins
  8 quokkas
  9 frilled lizards
  3 gnoll skeletons (Ossuary)
  21 goblins
  7 goblin skeletons (Ossuary)
  A goblin zombie (Ossuary)
  4 hobgoblin skeletons (Ossuary)
  3 hobgoblin zombies (Ossuary)
  17 kobolds
  2 kobold skeletons (Ossuary)
  6 kobold zombies (Ossuary)
  4 orc skeletons (Ossuary)
  5 orc zombies (Ossuary)
  18 rats
  5 rat skeletons (Ossuary)
  4 rat zombies (Ossuary)
  A spectral weapon (Spider:3)
  3 starspawn tentacles
  A tentacle (Abyss:3)
2408 creatures vanquished.

Vanquished Creatures (others)
  Asterion (Spider:3)
  An Orb Guardian (Zot:5)
  A deep elf elementalist (Elf:3)
  A dire elephant (Vaults:1)
  An ice dragon (D:15)
  A deep elf knight (Elf:3)
  A swamp dragon (Swamp:4)
  An ugly thing (Depths:3)
  A bloated husk (Swamp:2)
  An orc (D:8)
  A starspawn tentacle (Abyss:3)
  3 tentacles (Abyss:3)
14 creatures vanquished.

Grand Total: 2422 creatures vanquished

Notes
Turn   | Place    | Note
-------+----------+-------------------------------------------
     0 | D:1      | Prykner the Hill Orc Fighter began the quest for the Orb.
     0 | D:1      | Reached XP level 1. HP: 19/19 MP: 1/1
    30 | D:1      | Reached XP level 2. HP: 16/27 MP: 2/2
   173 | D:1      | Found a faded altar of an unknown god.
   180 | D:1      | Prayed at the altar of an unknown god.
   180 | D:1      | Became a worshipper of Warmaster Okawaru
   180 | D:1      | Reached * piety under Okawaru
   264 | D:1      | Found Jaokhlur's Book Emporium.
   462 | D:1      | Reached XP level 3. HP: 32/33 MP: 3/3
   963 | D:2      | Found Faug's Jewellery Shoppe.
   963 | D:2      | Found Umivvan's General Store.
  1027 | D:2      | Bought a scroll of teleportation for 30 gold pieces
  1177 | D:2      | Reached XP level 4. HP: 39/40 MP: 4/4
  1690 | D:3      | Found Gedd's Jewellery Emporium.
  1702 | D:3      | Noticed a scorpion
  1713 | D:3      | Killed a scorpion
  1714 | D:3      | Reached skill level 5 in Axes
  1714 | D:3      | Reached XP level 5. HP: 40/47 MP: 5/5
  2355 | D:4      | Reached ** piety under Okawaru
  2361 | D:4      | Reached XP level 6. HP: 48/53 MP: 6/6
  2550 | D:4      | Noticed a black bear
  2563 | D:4      | Killed a black bear
  2647 | D:4      | Found a broken altar of Ashenzari.
  2730 | D:4      | Reached skill level 5 in Fighting
  2730 | D:4      | Reached XP level 7. HP: 59/61 MP: 7/7
  2757 | D:4      | Identified the +0 pair of boots "Reph" {Dex+3}
  2945 | D:4      | Found a white marble altar of Elyvilon.
  2946 | D:4      | Found an opulent altar of Gozag.
  3047 | D:4      | Found Ceexamp's Antique Armour Boutique.
  3066 | D:4      | Found a stormy altar of Qazlal.
  3218 | D:5      | Entered Level 5 of the Dungeon
  3508 | D:5      | Found a glowing drain.
  3512 | Sewer    | Entered a sewer
  4246 | D:5      | Reached skill level 1 in Invocations
  4255 | D:5      | Reached skill level 1 in Dodging
  4403 | D:5      | Reached XP level 8. HP: 47/70 MP: 7/9
  4549 | D:5      | Found an ancient bone altar of Kikubaaqudgha.
  4681 | D:5      | Reached skill level 10 in Axes
  4711 | D:5      | Reached *** piety under Okawaru
  4941 | D:5      | Noticed a yak
  4953 | D:5      | Killed a yak
  5077 | D:5      | Noticed a yak
  5077 | D:5      | Noticed a yak
  5077 | D:5      | Noticed a yak
  5085 | D:5      | Noticed a yak
  5085 | D:5      | Noticed a yak
  5089 | D:5      | Killed a yak
  5090 | D:5      | Reached skill level 5 in Armour
  5090 | D:5      | Reached XP level 9. HP: 73/78 MP: 8/11
  5207 | D:5      | Reached **** piety under Okawaru
  5636 | D:5      | Noticed Grinder
  5647 | D:5      | Killed Grinder
  5762 | D:6      | Noticed Blork the orc
  5795 | D:6      | Killed Blork the orc
  5796 | D:6      | Reached skill level 5 in Invocations
  6231 | D:6      | Found a staircase to the Ecumenical Temple.
  6382 | D:6      | Found a shimmering altar of Xom.
  6682 | D:6      | Reached XP level 10. HP: 72/86 MP: 14/14
  6804 | D:6      | Identified the +4 scale mail of the Buccaneer {rPois}
  6847 | D:6      | Reached ***** piety under Okawaru
  6997 | D:6      | Received a gift from Okawaru
  7119 | D:7      | Reached skill level 1 in Throwing
  7164 | D:7      | Noticed Prince Ribbit
  7174 | D:7      | Killed Prince Ribbit
  7284 | D:7      | Found a sand-covered staircase.
  7295 | Ossuary  | Entered an ossuary
  7613 | Ossuary  | Noticed Menkaure
  7619 | Ossuary  | Killed Menkaure
  7705 | D:7      | Identified the +9 rapier of the Pillar {freeze, rCorr}
  7837 | D:7      | Found Jocvuvuch's One-of-a-Kind Rings.
  8186 | D:7      | Noticed a boulder beetle
  8213 | D:7      | Killed a boulder beetle
  8529 | D:7      | Received a gift from Okawaru
  8735 | D:8      | Reached skill level 15 in Axes
  8827 | D:8      | Reached XP level 11. HP: 41/95 MP: 16/16
  8836 | D:8      | Found a flagged portal.
  8986 | Bailey   | Entered a bailey
  9225 | Bailey   | Noticed a vault guard
  9236 | Bailey   | Killed a vault guard
  9273 | Bailey   | Noticed a vault guard
  9298 | Bailey   | Killed a vault guard
  9488 | Bailey   | Reached skill level 5 in Shields
  9963 | D:9      | Received a gift from Okawaru
 10041 | D:9      | Found a bloodstained altar of Trog.
 10184 | D:9      | Found a shimmering blue altar of Sif Muna.
 10193 | D:9      | Got Sif Muna's Directory of the Jaunt and Moulding
 10251 | D:9      | Found a staircase to the Lair.
 11414 | D:10     | Entered Level 10 of the Dungeon
 11457 | D:10     | Noticed Amaemon
 11479 | D:10     | Killed Amaemon
 11480 | D:10     | Reached XP level 12. HP: 82/105 MP: 18/18
 11599 | D:10     | Received a gift from Okawaru
 11649 | D:10     | Noticed a two-headed ogre
 11655 | D:10     | Found an ornate altar of the Wu Jian Council.
 11672 | D:10     | Killed a two-headed ogre
 12224 | D:10     | Found a radiant altar of Vehumet.
 12696 | D:11     | Found Hiubeut's Armour Shop.
 13408 | D:11     | Found a staircase to the Orcish Mines.
 13412 | D:11     | Found Pulohaer's Weapon Shop.
 13567 | D:11     | Reached skill level 10 in Fighting
 13768 | D:11     | Received a gift from Okawaru
 14077 | D:11     | Noticed a two-headed ogre
 14084 | D:11     | Killed a two-headed ogre
 14330 | D:11     | Identified 2 scrolls of acquirement
 14330 | D:11     | Acquired 672 gold pieces
 14332 | D:11     | Acquired 941 gold pieces
 14484 | Lair:1   | Entered Level 1 of the Lair of Beasts
 14509 | Lair:1   | Found a transporter.
 14522 | Lair:1   | Found a transporter.
 14523 | Lair:1   | Noticed chuckiee3's ghost (journeyman MiFi)
 14571 | Lair:1   | Identified the ring "Neost" {rElec rPois rN+ rCorr MP+9}
 14576 | Lair:1   | Found a bloodstained altar of Trog.
 14580 | Lair:1   | Noticed a catoblepas
 14597 | Lair:1   | Reached skill level 1 in Stealth
 14597 | Lair:1   | Killed a catoblepas
 14616 | Lair:1   | Reached skill level 5 in Throwing
 14851 | Lair:1   | Received a gift from Okawaru
 14852 | Lair:1   | Reached XP level 13. HP: 93/114 MP: 20/20
 15865 | Lair:2   | Reached skill level 10 in Invocations
 16430 | Lair:2   | Noticed Gastronok
 16463 | Lair:2   | Killed Gastronok
 17549 | Lair:3   | Received a gift from Okawaru
 17560 | Lair:3   | Reached ****** piety under Okawaru
 17628 | Lair:3   | Noticed Fannar
 17642 | Lair:3   | Killed Fannar
 17862 | Lair:3   | Found a hole to the Spider Nest.
 18165 | Lair:3   | Reached XP level 14. HP: 113/124 MP: 22/22
 18442 | Lair:3   | Found a staircase to the Swamp.
 18442 | Lair:3   | Noticed an eleionoma
 18448 | Lair:3   | Killed an eleionoma
 18466 | Lair:3   | Noticed Urug
 18485 | Lair:3   | Killed Urug
 18565 | Lair:3   | Identified the +10 flail of Infinity {flame, rElec rF-
                  | rN+++ Int-4}
 18971 | Lair:4   | Received a gift from Okawaru
 19813 | Lair:5   | Entered Level 5 of the Lair of Beasts
 20050 | Lair:5   | Found a staircase to the Slime Pits.
 20056 | Lair:5   | Found a viscous altar of Jiyva.
 20803 | Lair:5   | Reached skill level 1 in Maces & Flails
 20808 | Lair:5   | Reached skill level 10 in Armour
 20814 | Lair:5   | Acquired the +8 frozen axe "Frostbite" {freeze, freezing
                  | cloud, *Noise Fly rC+}
 20814 | Lair:5   | Received a gift from Okawaru
 20814 | Lair:5   | Found the +8 frozen axe "Frostbite" {freeze, freezing
                  | cloud, *Noise Fly rC+}
 20823 | Lair:5   | Acquired the +7 chain mail of the Arcane {rElec Dex+4}
 20823 | Lair:5   | Received a gift from Okawaru
 20849 | Lair:5   | Received a gift from Okawaru
 21660 | Orc:1    | Entered Level 1 of the Orcish Mines
 21749 | Orc:1    | Paralysed by an orc sorcerer for 5 turns
 21769 | Orc:1    | Paralysed by an orc sorcerer for 3 turns
 21948 | Orc:2    | Entered Level 2 of the Orcish Mines
 21961 | Orc:2    | Found a roughly hewn altar of Beogh.
 21962 | Orc:2    | Found Itirato's Distillery.
 22054 | Orc:2    | Found a dark tunnel.
 22071 | Volcano  | Entered a volcano
 22131 | Volcano  | Received a gift from Okawaru
 22132 | Volcano  | Reached XP level 15. HP: 123/134 MP: 24/24
 22395 | Orc:2    | Reached skill level 5 in Dodging
 22630 | D:7      | Bought the ring "Buics" {Will+ rCorr Dex+3 Slay+8} for 2710
                  | gold pieces
 22735 | Orc:2    | Found a staircase to the Elven Halls.
 22858 | Orc:2    | Found a transporter.
 22896 | Orc:2    | Noticed Ifr's ghost (journeyman GrEE)
 22896 | Orc:2    | Noticed an orc warlord
 22905 | Orc:2    | Killed an orc warlord
 23130 | Orc:2    | Noticed an orc warlord
 23142 | Orc:2    | Killed an orc warlord
 23278 | Orc:2    | Found a roughly hewn altar of Beogh.
 23292 | Orc:2    | Found a roughly hewn altar of Beogh.
 23302 | Orc:2    | Found a roughly hewn altar of Beogh.
 23385 | Orc:2    | Found Desadat's Antique Weapon Boutique.
 23386 | Orc:2    | Found a roughly hewn altar of Beogh.
 23457 | Orc:2    | Found a roughly hewn altar of Beogh.
 23512 | Orc:2    | Found Fituiq's Antique Armour Shop.
 23589 | Orc:2    | Found a roughly hewn altar of Beogh.
 23649 | Orc:2    | Found a roughly hewn altar of Beogh.
 23649 | Orc:2    | Found Ipuclye's Weapon Shoppe.
 23653 | Orc:2    | Received a gift from Okawaru
 23792 | Orc:2    | Found a transporter.
 23855 | Orc:2    | Killed Ifr's ghost
 23962 | Orc:2    | Identified the ring "Leaj" {EV+5 Str+6}
 23983 | Orc:2    | Identified the +7 short sword "Harura" {vamp, rC+ Str+4
                  | Stlth-}
 24594 | D:12     | Identified the +1 trident "Unwuxzo" {heavy, rElec MP+9
                  | Str-4 Dex+6}
 24685 | D:12     | You are sucked into a shaft and drop 3 floors!
 24685 | D:15     | Entered Level 15 of the Dungeon
 24716 | D:15     | Received a gift from Okawaru
 25190 | D:15     | Found the +8 Vampire's Tooth {megavamp}
 25721 | D:15     | Received a gift from Okawaru
 25783 | D:15     | Found a staircase to the Depths.
 25789 | D:15     | Reached XP level 16. HP: 145/145 MP: 14/25
 26490 | D:14     | Received a gift from Okawaru
 27085 | D:14     | Found a gate to the Vaults.
 27279 | D:14     | Upgraded the game from 0.31-a0-1068-g5939ac1fb6 to
                  | 0.31-a0-1082-g7d1fb776a8
 27993 | D:13     | Found Kemo's Distillery.
 27998 | D:13     | Bought a potion of heal wounds for 70 gold pieces
 27998 | D:13     | Bought a potion of heal wounds for 70 gold pieces
 28576 | D:4      | Bought an embroidered cloak for 157 gold pieces
 28636 | D:2      | Bought a ring of poison resistance for 220 gold pieces
 28901 | Swamp:1  | Entered Level 1 of the Swamp
 28917 | Lair:3   | Received a gift from Okawaru
 29245 | Swamp:1  | Reached skill level 15 in Fighting
 29355 | Swamp:1  | Received a gift from Okawaru
 29553 | Swamp:1  | Found a transporter.
 29556 | Swamp:1  | Found a transporter.
 29556 | Swamp:1  | Noticed Drangen's ghost (journeyman SpHu)
 30690 | Swamp:2  | Reached XP level 17. HP: 150/156 MP: 20/26
 31266 | Swamp:3  | Received a gift from Okawaru
 31339 | Swamp:3  | Noticed Kirke
 31345 | Swamp:3  | Killed Kirke
 31351 | Swamp:3  | Noticed Nikola
 31377 | Swamp:2  | Killed Nikola
 31671 | Swamp:3  | Identified the +8 plate armour of Nemelex Xobeh's Wrath
                  | {rF- Int+5 Dex+2}
 31836 | Swamp:4  | Entered Level 4 of the Swamp
 31879 | Swamp:4  | Received a gift from Okawaru
 32528 | Swamp:4  | Received a gift from Okawaru
 32779 | Swamp:4  | Got a decaying rune of Zot
 33104 | Spider:1 | Entered Level 1 of the Spider Nest
 33127 | Spider:1 | Reached skill level 15 in Armour
 33395 | Spider:1 | Reached XP level 18. HP: 155/166 MP: 20/27
 33958 | Spider:1 | Received a gift from Okawaru
 33989 | Spider:1 | You are sucked into a shaft and drop 1 floor!
 34398 | Spider:2 | Received a gift from Okawaru
 35638 | Spider:3 | Noticed Asterion
 35645 | Spider:3 | Killed Asterion
 36388 | Spider:4 | Entered Level 4 of the Spider Nest
 36428 | Spider:4 | Reached skill level 10 in Dodging
 36464 | Spider:4 | Received a gift from Okawaru
 37136 | Spider:4 | Reached XP level 19. HP: 79/172 MP: 0/28
 37184 | Spider:4 | Received a gift from Okawaru
 37431 | Spider:4 | Got a gossamer rune of Zot
 38059 | Vaults:1 | Entered Level 1 of the Vaults
 38389 | Vaults:1 | Received a gift from Okawaru
 38629 | Vaults:1 | Found Teufreon's Antique Armour Shoppe.
 38668 | Vaults:1 | Bought a translucent chain mail for 266 gold pieces
 38668 | Vaults:1 | Identified the +8 chain mail of Fedhas's Hope {+Blink rElec
                  | MP+9} (You bought it in a shop on level 1 of the Vaults)
 38976 | Vaults:1 | Received a gift from Okawaru
 39289 | Vaults:1 | Found Zaoskyrr's Distillery.
 39386 | Vaults:1 | Bought a potion of heal wounds for 100 gold pieces
 39524 | Vaults:1 | Found Locotoza's Antique Armour Shop.
 39530 | Vaults:1 | Bought a pair of bloodstained gloves for 275 gold pieces
 39530 | Vaults:1 | Identified the +0 pair of gloves of Divine Compulsion
                  | {rPois Int+3} (You bought it in a shop on level 1 of the
                  | Vaults)
 39542 | Vaults:1 | Bought an embroidered scarf for 232 gold pieces
 39691 | Vaults:1 | Found a portal to a secret trove of treasure.
 39758 | Vaults:1 | Acquired a manual of Air Magic
 39821 | Vaults:2 | Received a gift from Okawaru
 39983 | Vaults:2 | Reached XP level 20. HP: 159/180 MP: 29/29
 40206 | Vaults:2 | Received a gift from Okawaru
 40247 | Vaults:2 | Noticed Boris
 40260 | Vaults:2 | Killed Boris
 40397 | Vaults:2 | Noticed Mennas
 40523 | Vaults:2 | Killed Mennas
 40527 | Vaults:2 | Noticed Zenata
 40540 | Vaults:2 | Killed Zenata
 41075 | Vaults:2 | Received a gift from Okawaru
 41772 | Vaults:3 | Received a gift from Okawaru
 41891 | Vaults:3 | Found Taecs's Distillery.
 42121 | Vaults:3 | Received a gift from Okawaru
 42192 | Vaults:3 | Found a staircase to the Crypt.
 42192 | Vaults:3 | Found a basalt altar of Yredelemnul.
 42192 | Vaults:3 | Found an ancient bone altar of Kikubaaqudgha.
 42570 | Vaults:3 | Reached XP level 21. HP: 183/187 MP: 30/30
 42735 | Vaults:4 | Found Pylei's General Store.
 42765 | Vaults:4 | Received a gift from Okawaru
 42906 | Vaults:4 | Reached skill level 15 in Dodging
 43312 | Vaults:4 | Received a gift from Okawaru
 44208 | Elf:1    | Entered Level 1 of the Elven Halls
 44228 | Elf:1    | Found a radiant altar of Vehumet.
 44562 | Elf:1    | Found Oxkow's Distillery.
 44860 | Elf:1    | Received a gift from Okawaru
 45310 | Elf:2    | Found a shimmering blue altar of Sif Muna.
 45542 | Elf:2    | Found a runed translucent gate.
 45542 | Elf:2    | Found a runed translucent gate.
 45542 | Elf:2    | Found a runed translucent gate.
 45726 | Elf:2    | Received a gift from Okawaru
 45777 | Elf:2    | Reached XP level 22. HP: 194/194 MP: 31/31
 46118 | Elf:3    | Entered Level 3 of the Elven Halls
 46411 | Elf:3    | Found Ojuatu's Assorted Antiques.
 46423 | Elf:3    | Found Ushor's Magic Scroll Shop.
 46665 | Elf:3    | Received a gift from Okawaru
 47549 | Elf:3    | Identified the ring of the Establishment {AC+4 Str+4}
 47653 | Elf:3    | Identified the amulet "Fiupreon" {RegenMP rC+ Str+3 Int+3
                  | Dex-4}
 47707 | Elf:3    | Got Kenguot's Tome of the Figure
 47734 | Elf:3    | Acquired a manual of Invocations
 48966 | Vaults:1 | You paid a toll of +3 shadow dragon scales to enter a
                  | treasure trove
 48967 | Trove    | Entered a treasure trove
 48982 | Trove    | Got Sif Muna's Cyclopedia of the Eight Orbs
 49030 | Trove    | Got Sif Muna's Atlas of Contamination and the Coals
 49248 | Vaults:5 | Entered Level 5 of the Vaults
 49261 | Vaults:4 | Received a gift from Okawaru
 49371 | Vaults:5 | Noticed a golden dragon
 49882 | Vaults:4 | Killed a golden dragon
 49882 | Vaults:4 | Received a gift from Okawaru
 50411 | Vaults:4 | Reached XP level 23. HP: 153/201 MP: 32/32
 50634 | Vaults:5 | Identified the +3 orcbow of Non Obstante Veredicto {drain,
                  | rF++ SInv Stlth-}
 50814 | Vaults:5 | Noticed an ancient lich
 50895 | Vaults:5 | Killed an ancient lich
 50911 | Vaults:5 | Received a gift from Okawaru
 50972 | Vaults:5 | Noticed a golden dragon
 50982 | Vaults:5 | Identified the +2 leather armour "Puxybuc" {Int+4}
 51124 | Vaults:4 | Killed a golden dragon
 51496 | Vaults:5 | Received a gift from Okawaru
 51805 | Vaults:5 | Got the Compendium of Ice
 51820 | Vaults:5 | Got a silver rune of Zot
 51944 | Vaults:5 | Identified the +4 halberd of Intimidation {elec, rPois rN++
                  | Int-2 Dex-2 Stlth+}
 51950 | Vaults:5 | Got the Tractate on the Jaunt and Contaminants
 52126 | Vaults:5 | Identified the ring "Deulir" {rPois rN+ Dex-3 Slay+2}
 53012 | Depths:1 | Entered Level 1 of the Depths
 53016 | Depths:1 | Noticed Mara
 53047 | Depths:1 | Noticed Prykner's illusion
 53124 | Depths:1 | Noticed Prykner's illusion
 53246 | Depths:1 | Noticed Prykner's illusion
 53248 | Depths:1 | Killed Mara
 53301 | Depths:1 | Found a gateway to Hell.
 53341 | Depths:1 | Received a gift from Okawaru
 53507 | Depths:1 | Found a one-way gate to the infinite horrors of the Abyss.
 53514 | Depths:1 | Reached XP level 24. HP: 219/222 MP: 32/32
 53520 | Depths:1 | Identified the serpent talisman of the Shining Light {rC+
                  | rN++ Will+ Dex-2}
 53658 | Depths:1 | Found a shimmering blue altar of Sif Muna.
 54043 | Depths:2 | Noticed a juggernaut
 54057 | Depths:2 | Killed a juggernaut
 54154 | Depths:2 | Found a bloodstained altar of Trog.
 54332 | Depths:2 | Gained mutation: You are weak. (Str -2) [a shining eye]
 54595 | Depths:2 | Noticed Grunn
 54604 | Depths:2 | Killed Grunn
 54608 | Depths:2 | Received a gift from Okawaru
 54713 | Depths:2 | Found a one-way gate leading to the halls of Pandemonium.
 56046 | Depths:3 | Noticed a caustic shrike
 56052 | Depths:3 | Killed a caustic shrike
 56053 | Depths:3 | Reached skill level 15 in Invocations
 56185 | Depths:3 | Noticed a caustic shrike
 56196 | Depths:3 | Killed a caustic shrike
 56214 | Depths:3 | Received a gift from Okawaru
 56299 | Depths:3 | Identified the +4 longbow of Sunlight {drain, SInv Stlth+}
 56449 | Depths:4 | Entered Level 4 of the Depths
 56483 | Depths:4 | Found a one-way gateway to a ziggurat.
 56504 | Depths:4 | Noticed Margery
 56523 | Depths:4 | Killed Margery
 56653 | Depths:4 | Identified the +4 quarterstaff of Change {protect, rElec
                  | rF+ Str+3 Dex+2}
 56804 | Depths:4 | Received a gift from Okawaru
 56807 | Depths:4 | Reached XP level 25. HP: 203/236 MP: 36/36
 56887 | Depths:4 | Found a gate to the Realm of Zot.
 57168 | Depths:4 | Identified the +5 war axe "Soekiny" {freeze, rPois rN+++
                  | Int-5 SInv}
 57394 | Depths:4 | Received a gift from Okawaru
 58134 | Slime:1  | Entered Level 1 of the Pits of Slime
 58252 | Slime:2  | Gained mutation: You have a pair of small horns on your
                  | head. [a shining eye]
 58254 | Slime:2  | Gained mutation: Your magical capacity is low. (-10% MP) [a
                  | shining eye]
 58255 | Slime:2  | Gained mutation: You are very weak. (Str -4) [a shining
                  | eye]
 58257 | Slime:2  | Gained mutation: You have sharp fingernails. [a shining
                  | eye]
 58658 | Slime:4  | Gained mutation: You are frail. (-10% HP) [a shining eye]
 58686 | Slime:4  | Lost mutation: You have a pair of small horns on your head.
                  | [potion of mutation]
 58686 | Slime:4  | Lost mutation: You have sharp fingernails. [potion of
                  | mutation]
 58686 | Slime:4  | Lost mutation: Your magical capacity is low. (-10% MP)
                  | [potion of mutation]
 58686 | Slime:4  | Gained mutation: You have hidden genetic defects. [potion
                  | of mutation]
 58686 | Slime:4  | Gained mutation: Your spells are a little harder to cast,
                  | but a little more powerful. [potion of mutation]
 58686 | Slime:4  | Gained mutation: You have a pair of small horns on your
                  | head. [potion of mutation]
 58687 | Slime:4  | Lost mutation: You are frail. (-10% HP) [potion of
                  | mutation]
 58687 | Slime:4  | Lost mutation: Your spells are a little harder to cast, but
                  | a little more powerful. [potion of mutation]
 58687 | Slime:4  | Gained mutation: You are frail. (-10% HP) [potion of
                  | mutation]
 58687 | Slime:4  | Gained mutation: You are partially covered in iridescent
                  | scales. (AC +2) [potion of mutation]
 58688 | Slime:4  | Lost mutation: You are partially covered in iridescent
                  | scales. (AC +2) [potion of mutation]
 58688 | Slime:4  | Lost mutation: You are very weak. (Str -4) [potion of
                  | mutation]
 58688 | Slime:4  | Gained mutation: Armour fits poorly on your strangely
                  | shaped body. [potion of mutation]
 58689 | Slime:4  | Lost mutation: You have a pair of small horns on your head.
                  | [potion of mutation]
 58689 | Slime:4  | Lost mutation: Armour fits poorly on your strangely shaped
                  | body. [potion of mutation]
 58689 | Slime:4  | Gained mutation: Your mind is acute. (Int +4, Str/Dex -1)
                  | [potion of mutation]
 58690 | Slime:4  | Lost mutation: You have hidden genetic defects. [potion of
                  | mutation]
 58690 | Slime:4  | Lost mutation: You are frail. (-10% HP) [potion of
                  | mutation]
 58690 | Slime:4  | Gained mutation: You possess an exceptional clarity of
                  | mind. [potion of mutation]
 58722 | Slime:5  | Entered Level 5 of the Pits of Slime
 58724 | Slime:5  | Gained mutation: You are vulnerable to heat. (rF-) [a
                  | shining eye]
 58724 | Slime:5  | Gained mutation: You are frail. (-10% HP) [a shining eye]
 58985 | Slime:5  | Lost mutation: You possess an exceptional clarity of mind.
                  | [a shining eye]
 58989 | Slime:5  | Noticed the Royal Jelly
 58995 | Arena    | Entered the Arena
 59000 | Arena    | Killed the Royal Jelly
 59164 | Slime:5  | Gained mutation: Armour fits poorly on your strangely
                  | shaped body. [a shining eye]
 59169 | Slime:5  | Gained mutation: You are very weak. (Str -4) [a shining
                  | eye]
 59204 | Slime:5  | Got a slimy rune of Zot
 59222 | Slime:5  | Identified the ring of the Tuna {rPois Will++ Str-3 Int+4}
 59225 | Slime:5  | Identified the +9 glaive "Nefeegru" {heavy, Int+7}
 59235 | Slime:5  | Identified the +3 quarterstaff of Insufficient Pleasure
                  | {spect, Str+3}
 59247 | Slime:5  | Identified the amulet "Puaffoic" {Faith Harm *Corrode Int+2
                  | Dex+7}
 59253 | Slime:5  | Identified the +7 shortbow "Kieluom" {elec, rPois SInv}
 59255 | Slime:5  | Identified the +8 rapier of Blind Justice {venom, Str+2}
 59256 | Slime:5  | Identified the +6 war axe of Yesterday {heavy, *Rage rElec
                  | Int+2 Dex+10}
 59299 | Slime:5  | Identified the +1 ring mail of Fokeplamm {+Inv rN+ Regen+
                  | Str-3}
 59311 | Slime:5  | Lost mutation: You are frail. (-10% HP) [potion of
                  | mutation]
 59311 | Slime:5  | Lost mutation: Armour fits poorly on your strangely shaped
                  | body. [potion of mutation]
 59311 | Slime:5  | Gained mutation: Your body sometimes deteriorates upon
                  | taking damage. [potion of mutation]
 59311 | Slime:5  | Gained mutation: You are partially covered in iridescent
                  | scales. (AC +2) [potion of mutation]
 59312 | Slime:5  | Lost mutation: You are partially covered in iridescent
                  | scales. (AC +2) [potion of mutation]
 59312 | Slime:5  | Lost mutation: You are vulnerable to heat. (rF-) [potion of
                  | mutation]
 59312 | Slime:5  | Gained mutation: You possess an exceptional clarity of
                  | mind. [potion of mutation]
 59312 | Slime:5  | Gained mutation: Your magical capacity is low. (-10% MP)
                  | [potion of mutation]
 60271 | Depths:1 | Voluntarily entered the Abyss.
 60702 | Abyss:1  | Received a gift from Okawaru
 60876 | Abyss:3  | Got an abyssal rune of Zot
 60921 | Abyss:3  | Found a corrupted altar of Lugonu.
 60977 | Abyss:3  | Found a corrupted altar of Lugonu.
 60991 | Depths:1 | Escaped the Abyss
 61573 | Zot:1    | Entered Level 1 of the Realm of Zot
 61813 | Zot:1    | Reached XP level 26. HP: 218/244 MP: 34/34
 61816 | Zot:1    | Received a gift from Okawaru
 62322 | Zot:2    | Reached skill level 10 in Shields
 62979 | Zot:3    | Received a gift from Okawaru
 63888 | Zot:4    | Noticed a dread lich
 63888 | Zot:4    | Noticed a Killer Klown
 63889 | Zot:4    | Noticed a Killer Klown
 63893 | Zot:4    | Noticed a Killer Klown
 63911 | Zot:4    | Killed a Killer Klown
 63922 | Zot:4    | Killed a Killer Klown
 63929 | Zot:4    | Killed a dread lich
 63930 | Zot:4    | Killed a Killer Klown
 63937 | Zot:4    | Received a gift from Okawaru
 63982 | Zot:4    | Reached skill level 15 in Shields
 66555 | Zot:4    | Noticed a Killer Klown
 66555 | Zot:4    | Noticed a Killer Klown
 66557 | Zot:4    | Received a gift from Okawaru
 66564 | Zot:4    | Killed a Killer Klown
 66574 | Zot:4    | Killed a Killer Klown
 66613 | Zot:4    | Got the Vellum of Pyromancy
 66650 | Zot:4    | Reached XP level 27. HP: 251/251 MP: 34/34
 66981 | Zot:5    | Entered Level 5 of the Realm of Zot
 66992 | Zot:5    | Found an ornate altar of the Wu Jian Council.
 67238 | Zot:5    | Received a gift from Okawaru
 67245 | Zot:5    | Found a runed translucent gate.
 67245 | Zot:5    | Found a runed translucent gate.
 67245 | Zot:5    | Found a runed translucent gate.
 67246 | Zot:5    | Noticed an orb of fire
 67247 | Zot:5    | Found an opulent altar of Gozag.
 67249 | Zot:5    | Noticed Vualuitu's ghost (legendary FoHu)
 67268 | Zot:5    | Found an ancient bone altar of Kikubaaqudgha.
 67464 | Zot:5    | Noticed a dread lich
 67477 | Zot:5    | Killed a dread lich
 67502 | Zot:5    | Noticed a dread lich
 67512 | Zot:5    | Noticed a dread lich
 67518 | Zot:5    | Killed a dread lich
 67524 | Zot:5    | HP: 11/251 [Orb Guardian (34)]
 67551 | Zot:5    | Killed a dread lich
 67829 | Zot:5    | Noticed a dread lich
 67835 | Zot:5    | Killed a dread lich
 67855 | Zot:5    | Noticed an orb of fire
 67864 | Zot:5    | Killed an orb of fire
 67872 | Zot:5    | Noticed a dread lich
 67879 | Zot:5    | Received a gift from Okawaru
 67881 | Zot:5    | Noticed a dread lich
 67882 | Zot:5    | Noticed an orb of fire
 67884 | Zot:5    | Noticed an orb of fire
 67884 | Zot:5    | Noticed a dread lich
 67886 | Zot:5    | Noticed an ancient lich
 67893 | Zot:5    | Killed a dread lich
 67899 | Zot:5    | Killed an orb of fire
 68070 | Zot:5    | Noticed a dread lich
 68084 | Zot:5    | Killed a dread lich
 68099 | Zot:5    | Killed an orb of fire
 68099 | Zot:5    | Received a gift from Okawaru
 68281 | Zot:5    | Killed an ancient lich
 68287 | Zot:5    | Killed a dread lich
 68401 | Zot:5    | Got the Orb of Zot
 68403 | Zot:5    | Noticed Wozoosad the pandemonium lord
 68423 | Zot:5    | Killed Wozoosad the pandemonium lord
 68484 | Zot:5    | Killed a dread lich
 68484 | Zot:5    | Received a gift from Okawaru
 68674 | Depths:2 | Gained mutation: You occasionally lose the ability to read
                  | scrolls when taking damage. [a cacodemon]
 68787 | D:15     | Noticed Ebeqet the pandemonium lord
 68803 | D:15     | Killed Ebeqet the pandemonium lord
 68874 | D:14     | Noticed Hulut the pandemonium lord
 69059 | D:6      | Noticed Igedadi the pandemonium lord
 69189 | D:$      | Escaped with the Orb!

Illustrated notes

Levels and vault maps discovered:
D:1:      tarquinn_simple_flora_water_d, layout_loops_ring,
          basic_ecumenical_altar, serial_shops, nicolae_shop_trees,
          chequers_serial_rivers_room_b, dk_noncrumbling_4, amethyst_killhole,
          kennysheep_decorative_pillar
D:2:      layout_rooms, serial_shops, shop, shop
D:3:      layout_basic, serial_shops, nicolae_shop_getting_attention,
          st_stairs_2, nicolae_elevator_lobby_plus
D:4:      layout_cave_pools, mainiacjoe_overflow_brackets, grunt_qazlal_clouds,
          gammafunk_temple_overflow_wave, serial_shops, shop
D:5:      layout_loops_ring, lemuel_mausoleum_altar_kikubaaqudgha,
          gup_sewer_entry_spiral, minmay_misc_feat_enclosed,
          minmay_misc_feat_rows, uniq_grinder
D:6:      minmay_bubble_buster, layout_basic, led_xom_imps,
          minmay_temple_entry_statues_pillars, hangedman_decor_diamond_cutter,
          uniq_blork_the_orc
D:7:      layout_gridville, mainiacjoe_ossuary_entry_dusty_tomb, st_stairs_7,
          nicolae_shop_unique_rings, kennysheep_small_circle,
          uniq_prince_ribbit1
D:8:      layout_basic, enter_bailey_3
D:9:      layout_gridville, nzn_overflow_gifts_of_might_and_magic,
          hellmonk_lair_entry_icy, minivault_24, minmay_misc_feat_square
D:10:     layout_loops_ring, fiery_altar_vehumet, mainiacjoe_overflow_chevrons,
          nrook_mini_backslash, uniq_amaemon
D:11:     layout_cave_pools, orc_david_3
D:12:     minmay_isolated_rectangles_in_corner, layout_loops_cross
D:13:     layout_loops_ring, serial_shops, nicolae_shop_back_alley_shop
D:14:     layout_layer_cave, grunt_vaults_entry_fortified, serial_bayou_pond_b
D:15:     gammafunk_enter_depths_forms, layout_loops_cross,
          minmay_guarded_unrand_vampires_tooth
Lair:1:   layout_long_grid, gammafunk_ghost_wrathful_warriors
Lair:2:   layout_hall_layers, serial_bayou_shore_b, serial_bayou_shore_a,
          uniq_gastronok
Lair:3:   layout_regular_city, alex1729_swamp_entry_worm_eleionoma,
          nicolae_spider_entry_non_spiders, uniq_urug, uniq_fannar
Lair:4:   layout_roguey, guppyfry_lair_drakes, infiniplex_staircase_pool,
          grunt_megastairs_1
Lair:5:   evilmike_catoblepas_cave, layout_loops_ring,
          minmay_slime_entry_jelly_boxes, lookout_lair_type
Swamp:1:  layout_basic_swamp, gammafunk_ghost_mausoleum, hangedman_swamp_lotus
Swamp:2:  layout_basic_swamp, nicolae_swamp_triple_paths
Swamp:3:  layout_basic_swamp, evilmike_swamp_ruin_rubble_2, uniq_nikola,
          uniq_kirke
Swamp:4:  swamp_alternative, layout_basic_swamp, swamp_pool_1_2
Spider:1: layout_spider_delve, hangedman_spider_mandibles, drop_trap
Spider:2: layout_spider_delve
Spider:3: layout_chambers, nicolae_spider_cling_halls, uniq_asterion
Spider:4: hellmonk_spider_rune_bug_friends
Slime:1:  layout_caves, nicolae_slime_getting_an_eyeful
Slime:2:  layout_caves, nicolae_slime_welcoming_committee
Slime:3:  nicolae_slime_pool, layout_caves
Slime:4:  layout_caves
Slime:5:  slime_pit_nicolae_jellycorners
Orc:1:    hellmonk_paralyzer, layout_caves, serial_shops, nicolae_shop_stone
Orc:2:    grunt_orc_community_town_hall, layout_caves,
          grunt_orc_community_big_house_1, grunt_orc_community_big_house_1,
          grunt_orc_community_house_3, grunt_orc_community_house_2,
          grunt_orc_community_house_3, grunt_orc_community_house_3,
          grunt_orc_community_house_1, basic_altar,
          gammafunk_ghost_berserking_beasts, nicolae_volcano_entry_lava_flow,
          lemuel_statue_altar, dreamdust_deal_with_the_devil
Elf:1:    eino_elf_arrival_altar, layout_onion_city, serial_shops,
          nicolae_shop_hallway_plus, hangedman_elven_crosses_minicolossus,
          nicolae_elf_glass_and_crystal_pillar_2, nicolae_elf_v_pinch
Elf:2:    elven_hall_of_blades_hangedman_original [nooodl_blade_entry_preview],
          layout_geoelf_octagon, basic_altar, serial_corexii_hall,
          chequers_hall_statues_wall_a, corexii_hall_statues_t
Elf:3:    elf_hall, layout_geoelf_diagonals, elves_outpost_lemuel,
          minmay_shop_star
Vaults:1: vaults_room_boxed, nicolae_vaults_more_shelving_2,
          nicolae_vaults_closet_pinwheel_3, nicolae_vaults_know_your_exits,
          nicolae_vaults_storage_room_glass, v_misc_22, ontoclasm_vaults_pinch,
          serial_library_hellmonk_big_corner, layout_vaults_maze_bifur,
          trove_entry_hex_spiral, serial_shops, shop, nicolae_shop_hallway_plus,
          nicolae_shop_tiny_statue_garden
Vaults:2: nicolae_vaults_little_ls, v_alt_pattern_3, v_pattern_5,
          vaults_room_hallway, nicolae_vaults_storage_room_water,
          nicolae_vaults_trapezoid_lopsided_3, layout_vaults_quadrants,
          uniq_mennas, uniq_boris, uniq_zenata
Vaults:3: minmay_crypt_entry_necro_gods, ontoclasm_vaults_idyll,
          nicolae_vaults_big_ls, nicolae_vaults_octothorpe, v_misc_9,
          hangedman_vaults_stream, st_squares, hangedman_vaults_pinch,
          hangedman_vaults_trim, nicolae_vaults_two_Ls, layout_vaults_omnicross,
          serial_shops, shop
Vaults:4: v_alt_pattern_2, vaults_mumra_chevron_long,
          nicolae_vaults_little_squares_3, v_misc_14,
          nicolae_vaults_heart-shaped_vault, nicolae_vaults_octothorpe,
          vaults_standard_mumra_lines, hangedman_vaults_nails,
          nicolae_vaults_variable_pillar_hall, nicolae_vaults_house_1,
          layout_vaults_chaotic_city, serial_shops, shop
Vaults:5
Depths:1: layout_roguey, abyss_entry_crystal, hell_entry, serial_bayou_lagoon_a,
          st_stairs_7, nrook_loot_triangle, nicolae_sif_muna_condensation,
          uniq_mara
Depths:2: kennysheep_blocky_room, layout_honeycomb,
          nicolae_hell_entry_hellmouth_sunbeams, bloody_trog,
          rand_demon_pan_entry_4, minmay_staircase_windowed_small, uniq_grunn
Depths:3: cell_vault, layout_small_grid, chequers_hall_statues_wall_a,
          pf_coc_iceberg, grunt_pan_entry_zigzag, abyss_entry_glasseish
Depths:4: grunt_x_marks_the_spot, layout_gridlike, enter_ziggurat_f,
          minivault_11, hell_entry, uniq_margery
Zot:1:    layout_misc_corridors
Zot:2:    layout_misc_corridors
Zot:3:    layout_gridville, bh_zot_lava_cross, regret_index_zotdec_banners
Zot:4:    ebering_klown_carousel, layout_onion, grunt_ministairs_5,
          hangedman_player_shredder
Zot:5:    layout_basic, ebering_ghost_gozag, st_stairs_6,
          hangedman_feature_mirror

Skill      XL: |  1  2  3  4  5  6  7  8  9 10 11 12 13 14 15 16 17 18 19 20 21 22 23 24 25 26 27 |
---------------+----------------------------------------------------------------------------------+-----
Axes           | 3 4 5 6 7 9 11 13 15 17 18 19 21 23 24 | 24.7
Fighting       | 4 5 6 7 8 9 10 11 12 13 15 19 21 | 21.5
Armour         | 4 5 6 7 8 9 10 12 15 18 19 21 22 24 | 24.0
Invocations    | 1 3 5 7 8 9 10 12 19 21 | 21.7
Dodging        | 1 2 3 4 5 6 8 10 12 14 16 18 19 21 | 21.1
Shields        | 4 5 6 7 8 17 23 | 23.0
Throwing       | 2 3 5 6 7 8 |  8.4
Stealth        | 1 2 |  2.3
Maces & Flails | 1 |  1.0
Evocations     | |  0.5

Action                     |  1- 3 |  4- 6 |  7- 9 | 10-12 | 13-15 | 16-18 | 19-21 | 22-24 | 25-27 || total
---------------------------+-------+-------+-------+-------+-------+-------+-------+-------+-------++-------
  Melee: War axe           |   141 |   125 |   391 |   385 |       |       |       |       |       ||  1042
         Broad axe         |       |       |       |   493 |   540 |       |       |       |   718 ||  1751
         Executioner's axe |       |       |       |       |   361 |   608 |   848 |   997 |   412 ||  3226
         Eveningstar       |       |       |       |       |     7 |       |       |       |       ||     7
         Battleaxe         |       |       |       |       |     2 |    69 |       |       |       ||    71
         Headbutt          |       |       |       |       |       |       |       |       |    15 ||    15
  Throw: Boomerang         |       |     3 |     3 |     4 |    22 |   243 |    10 |     2 |     3 ||   290
         Javelin           |       |       |     6 |     5 |       |     3 |       |       |    11 ||    25
         Dart              |       |       |       |     8 |       |       |       |       |       ||     8
 Invoke: Heroism           |       |     1 |     7 |     8 |     5 |       |     5 |     5 |     6 ||    37
         Receive Weapon    |       |       |       |       |     1 |       |       |       |       ||     1
         Receive Armour    |       |       |       |       |     1 |       |       |       |       ||     1
         Finesse           |       |       |       |       |       |       |     4 |     2 |     5 ||    11
         Duel              |       |       |       |       |       |       |       |       |     1 ||     1
  Evoke: Wand              |       |       |       |       |     7 |       |       |       |     3 ||    10
    Use: Scroll            |       |       |     6 |    20 |     5 |     3 |     1 |     6 |    28 ||    69
         Potion            |       |       |     2 |     2 |     1 |     3 |    10 |     3 |    27 ||    48
   Stab: Distracted        |       |       |       |     1 |       |       |       |       |       ||     1
         Petrified         |       |       |       |     2 |       |       |       |       |       ||     2
         Petrifying        |       |       |       |     1 |       |       |       |       |       ||     1
         Confused          |       |       |       |       |       |     1 |       |       |       ||     1
 Armour: Scale mail        |   127 |    96 |   262 |   723 |   316 |       |       |       |       ||  1524
         Chain mail        |       |       |       |       |   141 |   411 |   483 |   701 |   214 ||  1950
         Plate armour      |       |       |       |       |    72 |   264 |       |       |       ||   336
         Gold dragon scale |       |       |       |       |       |       |       |       |   605 ||   605
  Dodge: Dodged            |    70 |    59 |   157 |   381 |   468 |   433 |   738 |  1132 |   911 ||  4349
         Repelled          |       |       |       |       |       |       |    20 |    31 |    54 ||   105
  Block: Buckler           |    37 |    27 |    80 |   160 |   107 |       |       |       |       ||   411
         Tower shield      |       |       |       |       |       |       |       |       |   848 ||   848

Table legend: (Time is in decaauts)
 A = Elapsed time spent in this place.
 B = Non-inter-level travel time spent in this place.
 C = Inter-level travel time spent in this place.
 D = Time resting spent in this place.
 E = Time spent auto-exploring this place.
 F = Levels seen in this place.
 G = Mean time per level.
                   A        B        C        D        E       F      G
               +--------+--------+--------+--------+--------+-----+--------+
         Total |  68246 |  59190 |   9056 |   9557 |  35937 |  61 | 1118.8 |
       Dungeon |  22003 |  17424 |   4579 |   2283 |  11920 |  15 | 1466.9 |
          Lair |   8015 |   7120 |    895 |   1395 |   4586 |   5 | 1603.0 |
         Swamp |   3727 |   3428 |    299 |    634 |   2152 |   4 |  931.8 |
   Spider Nest |   4292 |   4035 |    257 |    519 |   2781 |   4 | 1073.0 |
    Slime Pits |   1165 |   1125 |     40 |    500 |    108 |   5 |  233.0 |
  Orcish Mines |   2306 |   2050 |    256 |    187 |   1371 |   2 | 1153.0 |
   Elven Halls |   3713 |   3577 |    136 |    473 |   2025 |   3 | 1237.7 |
        Vaults |   9598 |   8148 |   1450 |   1665 |   4622 |   5 | 1919.6 |
        Depths |   5147 |   4280 |    867 |    580 |   2636 |   4 | 1286.8 |
           Zot |   5816 |   5544 |    272 |   1245 |   2525 |   5 | 1163.2 |
         Abyss |    675 |    675 |      0 |      0 |    343 |   3 |  225.0 |
         Trove |     90 |     90 |      0 |      0 |      0 |   1 |   90.0 |
         Sewer |    640 |    640 |      0 |     75 |    321 |   1 |  640.0 |
       Ossuary |    379 |    379 |      0 |      0 |    184 |   1 |  379.0 |
        Bailey |    533 |    533 |      0 |      0 |    360 |   1 |  533.0 |
       Volcano |    123 |    123 |      0 |      0 |      0 |   1 |  123.0 |
         Arena |     17 |     17 |      0 |      0 |      0 |   1 |   17.0 |
               +--------+--------+--------+--------+--------+-----+--------+

Top non-repeatable levels by time:
Vaults:4: 3033 daAuts
     D:9: 2295 daAuts
Vaults:1: 2205 daAuts
    D:15: 2129 daAuts
    D:10: 2063 daAuts
     D:5: 2046 daAuts
    D:14: 1943 daAuts
   Zot:4: 1905 daAuts
  Lair:2: 1873 daAuts
   Orc:2: 1838 daAuts
   Elf:3: 1792 daAuts
  Lair:3: 1776 daAuts
  Lair:5: 1708 daAuts
  Lair:1: 1651 daAuts
    D:11: 1590 daAuts
